[Event "Mistrovství Čech mládeže 2023 - HD16"]
[Site "Harrachov, Czech Republic"]
[Date "2023.10.21"]
[Round "1.1"]
[White "Davídek, Zdeněk"]
[Black "Meca, Viktor"]
[Result "1-0"]
[TimeControl "90m + 30s"]
[WhiteElo "2110"]
[BlackElo "1559"]

1. e4 c5 2. Nf3 d6 3. Bb5+ Bd7 4. Bxd7+ Qxd7 5. O-O Nc6 6. c3 Nf6 7. d4 Nxe4 8. d5 Ne5 9. Re1 Nf6 10.
Nxe5 dxe5 11. c4 e6 12. Rxe5 Bd6 13. dxe6 fxe6 14. Re1 O-O 15. Nc3 a6 16. Qe2 Rae8 17. Bg5 Qc7 18. h3 b6 19.
Rad1 Nd7 20. Kh1 Nb8 21. Be3 Nc6 22. Ne4 Bf4 23. Qh5 Bxe3 24. Rxe3 Nd4 25. Rg3 Nf5 26. Nf6+ Rxf6 27. Qxe8+ Rf8 28.
Qxe6+ Kh8 29. Rf3 1-0

[Event "Mistrovství Čech mládeže 2023 - HD16"]
[Site "Harrachov, Czech Republic"]
[Date "2023.10.21"]
[Round "1.2"]
[White "Bárta, David"]
[Black "Hozda, Max"]
[Result "0-1"]
[TimeControl "90m + 30s"]
[WhiteElo "1558"]
[BlackElo "2105"]

1. d4 d5 2. Nf3 Nf6 3. c4 c6 4. Nc3 e6 5. Bg5 Nbd7 6. cxd5 exd5 7. Qc2 Be7 8. e3 O-O 9. Bd3 Re8 10.
O-O Ne4 11. Bf4 f5 12. Ne5 Bf6 13. Nxd7 Qxd7 14. Rae1 g5 15. Bg3 Qg7 16. f3 Nxg3 17. hxg3 f4 18. gxf4 gxf4 19. exf4 Bxd4+ 20. Kh2 Qh6+ 21. Kg3 Rf8 22. Qd2 Kh8 23. Bf5 Qg7+ 24. Bg4 Rg8 25. f5 Bxf5 26. Qf4 Bxg4 27. fxg4 Raf8 28. Re7 Rxf4 29.
Rxg7 Rxf1 30. Rxb7 Be5+ 31. Kh3 Rh1# 0-1

[Event "Mistrovství Čech mládeže 2023 - HD16"]
[Site "Harrachov, Czech Republic"]
[Date "2023.10.21"]
[Round "1.3"]
[White "Hrbek, Jáchym"]
[Black "Jun, Robert"]
[Result "1-0"]
[TimeControl "90m + 30s"]
[WhiteElo "1973"]
[BlackElo "1554"]

1. d4 d5 2. Nf3 c5 3. e3 e6 4. c3 Nc6 5. Bd3 Nf6 6. Nbd2 c4 7. Bc2 Bd6 8. e4 Bf4 9. e5 Nd7 10.
Nxc4 dxc4 11. Bxf4 b5 12. Ng5 g6 13. Qf3 Bb7 14. Nxf7 Nxd4 15. Nd6+ Ke7 16. Bg5+ Nf6 17. Qxb7+ 1-0

[Event "Mistrovství Čech mládeže 2023 - HD16"]
[Site "Harrachov, Czech Republic"]
[Date "2023.10.21"]
[Round "1.4"]
[White "Dudarec, Elias"]
[Black "Novotný, Dominik"]
[Result "1/2-1/2"]
[TimeControl "90m + 30s"]
[WhiteElo "1535"]
[BlackElo "1929"]

1. e4 c6 2. d4 d5 3. exd5 cxd5 4. Bd3 Nc6 5.
c3 Nf6 6. h3 e5 7. dxe5 Nxe5 8. Nf3 Nxd3+ 9. Qxd3 Be7 10. O-O O-O 11. Bf4 b6 12. Nbd2 Bb7 13. Nd4 Ne4 14. Nxe4 dxe4 15.
Qg3 Bf6 16. Rad1 Qd7 17. Nc2 Qf5 18. Ne3 Qg6 19. Ng4 Rad8 20. Nxf6+ gxf6 21. Rfe1 Kh8 22. Rd6 Rxd6 23. Bxd6 Rg8 24.
Re3 h5 25. c4 Kh7 26. Kh2 f5 27. Be5 Qxg3+ 28. Rxg3 Rxg3 29. Kxg3 Kg6 30. h4 1/2-1/2

[Event "Mistrovství Čech mládeže 2023 - HD16"]
[Site "Harrachov, Czech Republic"]
[Date "2023.10.21"]
[Round "1.5"]
[White "Tesař, Jakub"]
[Black "Barták, Josef"]
[Result "1/2-1/2"]
[TimeControl "90m + 30s"]
[WhiteElo "1893"]
[BlackElo "1476"]

1. d4 d5 2. c4 c6 3. Nf3 Nf6 4. Nc3 Bf5 5. cxd5 cxd5 6. Qb3 Bc8 7. Bf4 e6 8. Rc1 a6 9. e3 Nc6 10.
Bd3 Bd6 11. O-O Bxf4 12. exf4 O-O 13. Na4 Qd6 14. Nb6 Na5 15. Nxc8 Rfxc8 16. Rxc8+ Rxc8 17. Qa4 Nc4 18.
Qb3 1/2-1/2

[Event "Mistrovství Čech mládeže 2023 - HD16"]
[Site "Harrachov, Czech Republic"]
[Date "2023.10.21"]
[Round "1.6"]
[White "Kohm, Patrik"]
[Black "Veverka, Vladimír"]
[Result "0-1"]
[TimeControl "90m + 30s"]
[WhiteElo "1475"]
[BlackElo "1849"]

1. c4 Nf6 2. d4 e6 3. Nc3 Bb4 4. a3 Bxc3+ 5. bxc3 b6 6. Nf3 Bb7 7. e3 Ne4 8. Qc2 f5 9. h4 g5 10.
hxg5 Nxg5 11. Nxg5 Qxg5 12. f3 d6 13. Qf2 Qf6 14. Bd3 Nd7 15. a4 a5 16. Bb2 O-O-O 17. O-O-O Qg5 18. Kb1 e5 19.
e4 f4 20. Rh2 Rdg8 21. Ba3 c5 22. Rdh1 h5 23. Qh4 Qxh4 24.
Rxh4 Rxg2 25. Rxh5 Rxh5 26. Rxh5 Rg3 27. Be2 Bc6 28. d5 Bxa4 29. Rh2 Rg1+ 30. Ka2 Bd1 31.
Bxd1 Rxd1 32. Kb3 Rg1 33. Ka4 Rg3 34. Kb5 Kc7 35. Rf2 Nf6 36. Ka6 Nh7 37. Rb2 Rxf3 38. Rxb6 Ng5 39. Rb7+ Kd8 40.
Rg7 Nxe4 41. Kb6 Rxc3 0-1

[Event "Mistrovství Čech mládeže 2023 - HD16"]
[Site "Harrachov, Czech Republic"]
[Date "2023.10.21"]
[Round "1.7"]
[White "Síleš, Jan"]
[Black "Fořt, Hugo"]
[Result "1-0"]
[TimeControl "90m + 30s"]
[WhiteElo "1839"]
[BlackElo "1462"]

1. d4 d5 2. c4 c6 3. Nc3 dxc4 4. e3 b5 5. a4 b4 6. Ne4 Qd5 7. Nd2 Ba6 8. Qc2 c3 9. bxc3 Bxf1 10.
e4 Qa5 11. Kxf1 bxc3 12. Nb3 Qc7 13. Ne2 Nf6 14. Bf4 Qc8 15. f3 e6 16. Qxc3 Be7 17. Rc1 O-O 18. Kf2 Qa6 19. Qa5 Qb7 20.
Nc5 Bxc5 21. dxc5 Qa6 22. Qb4 Nbd7 23. Bd6 Rfd8 24. Rhd1 Qc8 25. Rb1 h6 26. Nc3 Kh7 27. Qb7 Qxb7 28.
Rxb7 Kg8 29. e5 Nd5 30. Nxd5 exd5 31. Be7 Rab8 32. Rxa7 Rb2+ 33. Kg3 Rdb8 34. Rxd7 1-0

[Event "Mistrovství Čech mládeže 2023 - HD16"]
[Site "Harrachov, Czech Republic"]
[Date "2023.10.21"]
[Round "1.8"]
[White "Maršík, Ondřej"]
[Black "Andrle, Filip"]
[Result "0-1"]
[TimeControl "90m + 30s"]
[WhiteElo "1459"]
[BlackElo "1830"]

1. e4 c5 2. Nf3 Nc6 3. d4 cxd4 4. Nxd4 Nf6 5. Nc3 d6 6. Be2 e5 7. Nf3 Be7 8. O-O O-O 9. Bg5 Be6 10.
Qd2 Qd7 11. Rad1 Rfd8 12. Bxf6 Bxf6 13. Nd5 Be7 14. Bc4 h6 15. Rfe1 Rac8 16. Bb3 b5 17. Re3 Bf8 18. Rd3 Qb7 19.
c3 Na5 20. Nh4 Nxb3 21. axb3 Be7 22. Nf5 Bg5 23. Qe2 g6 24. Nfe3 Kg7 25. g3 Bxe3 26. Qxe3 Rc5 27. f4 exf4 28.
Qxf4 Bxd5 29. Rxd5 Rxd5 30. Rxd5 Re8 31. Rxd6 Qxe4 32. Qxe4 Rxe4 33. Kf2 Re7 34. c4 bxc4 35. bxc4 Rb7 36.
Rd2 Kf6 37. Ke3 Ke5 38. c5 a5 39. c6 Rc7 40. Rd7 Rxc6 41. Rxf7 Rb6 42. Rf2 Rb3+ 0-1

[Event "Mistrovství Čech mládeže 2023 - HD16"]
[Site "Harrachov, Czech Republic"]
[Date "2023.10.21"]
[Round "1.9"]
[White "Sadil, Antonín"]
[Black "Dominiková, Denisa"]
[Result "1/2-1/2"]
[TimeControl "90m + 30s"]
[WhiteElo "1792"]
[BlackElo "1445"]

1. e4 e5 2. Nf3 Nc6 3. Bc4 Bc5 4. c3 Qe7 5. d3 d6 6. b4 Bb6 7. a4 a6 8. a5 Ba7 9. O-O Nf6 10.
Nbd2 O-O 11. h3 h6 12. Re1 Be6 13. Bxe6 fxe6 14. Nf1 Qf7 15. Be3 Bxe3 16. Nxe3 Nh5 17. Qb3 Nf4 18. Rad1 Nxh3+ 19. gxh3 Qg6+ 20. Kf1 Rxf3 21. Ke2 Raf8 22. Nf5 Qh5 23. Qxe6+ Kh8 24. Kd2 Rxf2+ 25. Kc1 Qf7 26. Qxf7 Rxf7 27.
Rg1 Rf3 28. h4 Kh7 29. h5 Rh3 30. Rh1 Rxh1 31. Rxh1 Ne7 32. Nxe7 Rxe7 33. Kd2 g5 34. hxg6+ Kxg6 35. Ke3 Rf7 36.
Rg1+ Kh7 37. Rh1 b6 38. Ra1 b5 39. c4 c6 40. cxb5 axb5 41. Rc1 Rc7 42. a6 c5 43. Ra1 Ra7 44.
bxc5 dxc5 45. Ra5 b4 46. Rxc5 Rxa6 47. Rb5 Kg6 48. Rxb4 h5 49. Rb8 Kf7 50. Rh8 Kg6 51. Rg8+ Kf6 52.
Rf8+ Kg6 53. Rf5 Re6 54. d4 exd4+ 55. Kxd4 1/2-1/2

[Event "Mistrovství Čech mládeže 2023 - HD16"]
[Site "Harrachov, Czech Republic"]
[Date "2023.10.21"]
[Round "1.10"]
[White "Krupka, Aleš"]
[Black "Dvořák, Jan"]
[Result "0-1"]
[TimeControl "90m + 30s"]
[WhiteElo "1444"]
[BlackElo "1789"]

1. e4 e6 2. d4 d5 3. exd5 exd5 4. Nf3 Nf6 5. Nc3 Be7 6. Be2 O-O 7. O-O Nbd7 8. Bf4 b6 9. Nb5 Ne8 10.
Re1 Bb7 11. Bd3 c5 12. Qe2 Bf6 13. c3 a6 14. Nd6 Nxd6 15. Bxd6 Re8 16. Qd2 Be7 17. dxc5 bxc5 18. Bxe7 Rxe7 19.
Qf4 Nf8 20. Rxe7 Qxe7 21. Re1 Ne6 22. Qg4 Rd8 23. h4 Bc8 24. Bxh7+ Kf8 25. Bf5 Qf6 26. Bxe6 Bxe6 27. Qh5 Qh6 28.
Qe5 Qf6 29. Qc7 Qe7 30. Qb6 Qd6 31. Qa5 d4 32. cxd4 cxd4 33. Rd1 d3 34. a3 Bb3 35. Rd2 Rc8 36. Ne1 Rc1 37. Kf1 Qe7 38.
Rxd3 Bc4 39. g3 Bxd3+ 40. Kg2 Rxe1 41. Qc3 Qe4+ 0-1

[Event "Mistrovství Čech mládeže 2023 - HD16"]
[Site "Harrachov, Czech Republic"]
[Date "2023.10.21"]
[Round "1.11"]
[White "Kaplanová, Dominika"]
[Black "Mauder, Karel"]
[Result "1-0"]
[TimeControl "90m + 30s"]
[WhiteElo "1782"]
[BlackElo "1423"]

1. d4 Nf6 2. c4 e6 3. g3 Bb4+ 4. Bd2 Bxd2+ 5. Qxd2 O-O 6. Bg2 d5 7. e3 Nbd7 8. Ne2 dxc4 9. Qc2 c5 10.
Qxc4 Qb6 11. Qc2 cxd4 12. Nxd4 Nc5 13. O-O e5 14. Nf3 e4 15. Nfd2 Bf5 16. Nc3 Rac8 17. Qb1 Qe6 18. Ne2 Qa6 19.
Nd4 Bg6 20. b3 Nd3 21. Nc4 Nd5 22. Ne2 b5 23. Nd2 f5 24. g4 Rce8 25. gxf5 Bxf5 26. Bxe4 Qg6+ 27. Ng3 Bxe4 28. Ndxe4 Rxe4 29.
Qxd3 Nf6 30. Kh1 Re5 31. Qxg6 hxg6 32. Rac1 Ne4 33. Nxe4 Rxe4 34. Rc5 Rxe3 35. Rxb5 Re7 36. Ra5 Rd8 37.
Kg2 Rd4 38. f3 Kf7 39. Rf2 Kf6 40. Rc2 Rh4 41. Kg3 Rh5 42. Rc6+ Kf7 43. Rca6 Rxa5 44. Rxa5 Kf6 45. Kg4 Re2 46.
Rxa7 Rxh2 47. a4 Rb2 48. Ra6+ Ke5 49. f4+ Ke4 50. Re6+ Kd5 51. Rxg6 Ke4 52. Re6+ Kd5 53. Rb6 Ke4 54.
Rb4+ Kd5 55. Kf5 Rg2 56. Rb6 Rg3 57. b4 Rh3 58. Rb7 Rg3 59. Rb5+ Kc6 60. Re5 Kb6 61. Re6+ Kb7 62. Rg6 Kb6 1-0

[Event "Mistrovství Čech mládeže 2023 - HD16"]
[Site "Harrachov, Czech Republic"]
[Date "2023.10.21"]
[Round "1.12"]
[White "Hrubý, Filip"]
[Black "Mikhno, Artem"]
[Result "0-1"]
[TimeControl "90m + 30s"]
[WhiteElo "1386"]
[BlackElo "1781"]

1. e4 c6 2. d4 d5 3. e5 Bf5 4. h4 h6 5. Be3 e6 6. Bd3 Ne7 7. Nf3 Nd7 8. O-O Bxd3 9. Qxd3 Nf5 10.
g3 c5 11. dxc5 Nxe3 12. Qxe3 Bxc5 13. Qd3 Qc7 14. Nbd2 O-O 15. Nb3 Bb6 16. Rfe1 f6 17. Nbd4 Rae8 18. exf6 Nxf6 19. Nxe6 Qxg3+ 20. Kh1 Bxf2 21. Ng1 Qxh4+ 22. Qh3 Bxe1 23. Nxf8 Qxh3+ 24. Nxh3 Kxf8 0-1

[Event "Mistrovství Čech mládeže 2023 - HD16"]
[Site "Harrachov, Czech Republic"]
[Date "2023.10.21"]
[Round "1.13"]
[White "Svoboda, Daniel"]
[Black "Archlebová, Stela"]
[Result "1-0"]
[TimeControl "90m + 30s"]
[WhiteElo "1766"]
[BlackElo "1381"]

1. e4 e5 2. Nf3 Nc6 3. Nc3 Nf6 4. d4 exd4 5. Nxd4 Nxd4 6. Qxd4 d6 7. Bg5 Be7 8. O-O-O O-O 9. Bc4 Be6 10.
f4 Bxc4 11. Qxc4 Qe8 12. Qxc7 Rb8 13. e5 dxe5 14. fxe5 Nd5 15. Rxd5 Bxg5+ 16. Kb1 Qe6 17. Rhd1 Rfc8 18. Qd7 Qb6 19.
e6 Rd8 20. Qxf7+ Kh8 21. e7 Bxe7 22. Qxe7 Rxd5 23. Nxd5 Qa5 24. Qc7 Qxc7 25. Nxc7 Rf8 26. Ne6 Re8 27. Rd8 Rxd8 28. Nxd8 Kg8 29.
Nxb7 Kf7 30. Kc1 Ke7 31. Kd2 Kd7 32. Nc5+ Kc6 33. Ne4 Kd5 34. Kd3 Ke5 35. b4 Kd5 36. c4+ Kc6 37. Kd4 h6 38.
b5+ Kc7 39. c5 g5 40. b6+ axb6 41. cxb6+ Kxb6 42. Ke5 Kc6 43. Kf5 Kd7 44. Kg6 Ke6 45. a4 Kd7 46. Kxh6 Ke6 47. a5 Kd7 48.
Kxg5 Kc6 49. h4 Kb5 50. h5 Kxa5 51. h6 Kb5 52. h7 Kc4 53. h8=Q Kd3 54. Qc3+ Ke2 55. Qf3+ Ke1 56. Qf2+ Kd1 57.
Qd2# 1-0

[Event "Mistrovství Čech mládeže 2023 - HD16"]
[Site "Harrachov, Czech Republic"]
[Date "2023.10.21"]
[Round "1.14"]
[White "Souralová, Jana"]
[Black "Tegda, Vojtěch"]
[Result "0-1"]
[TimeControl "90m + 30s"]
[WhiteElo "1376"]
[BlackElo "1731"]

1. e4 e5 2. Nf3 Nc6 3. Nc3 g6 4. Bb5 Bg7 5. d3 Nge7 6. Be3 O-O 7. O-O d5 8. Bc5 Be6 9. exd5 Bxd5 10.
Nxd5 Qxd5 11. Bxc6 Qxc5 12. Bxb7 Rab8 13. Ba6 Rxb2 14. Bc4 Rbb8 15. Qd2 e4 16. Rae1 exf3 17. gxf3 Nf5 18. Qg5 Bh6 19.
Qf6 Nd4 20. Re7 Bg7 21. Re5 Qxe5 0-1

[Event "Mistrovství Čech mládeže 2023 - HD16"]
[Site "Harrachov, Czech Republic"]
[Date "2023.10.21"]
[Round "1.15"]
[White "Bohatyrov, Mykola"]
[Black "Bauer, Sebastian"]
[Result "1/2-1/2"]
[TimeControl "90m + 30s"]
[WhiteElo "1725"]
[BlackElo "1366"]

1. c4 e5 2. Nc3 Nc6 3. g3 f5 4. Bg2 Nf6 5. d3 Bb4 6. Bd2 Bxc3 7. Bxc3 d6 8. Nf3 O-O 9. O-O Qe8 10.
Qc2 Qh5 11. Rfe1 f4 12. b4 fxg3 13. hxg3 Bh3 14. b5 Ng4 15. Bh1 Ne7 16. Qd2 Bf1 17. Qg5 Qh3 18. Qh4 Qxh4 19. gxh4 Bh3 20.
Bg2 Bxg2 21. Kxg2 Ng6 22. Bd2 Nf6 23. Rh1 e4 24. Nd4 Rae8 25. a4 Ne5 26. Rh3 Nfg4 27. Rf1 exd3 28. exd3 Ng6 29.
f4 Nh6 30. h5 Ne7 31. Ne6 Rf7 32. Nxc7 Rc8 33. Ne6 Nef5 34. Ng5 Re7 35. Ne4 d5 36. Bb4 dxe4 37. Bxe7 Nxe7 38. Re3 Nef5 39.
Rxe4 Rd8 40. Rd1 Rd4 41. Re8+ Kf7 42. Ree1 Rxf4 43. Rd2 Nd4 44. Rf2 Rxf2+ 45. Kxf2 Nhf5 46. Re5 Kf6 47. Rd5 Ke6 48. Rd8 Nb3 49. Ra8 Nc5 50. Rxa7 Nxd3+ 51. Ke2 Nc5 52.
a5 Ng3+ 53. Ke3 Nxh5 54. Kd4 Kd6 55. a6 bxa6 56. bxa6 Kc6 57. Ra8 Ne6+ 58. Ke5 Nc7 59. Rc8 Kd7 60. Rh8 Nxa6 61. Rxh7 Kc6 62.
Rxh5 Kc5 63. Rh4 Nb4 64. Re4 Nd3 65. Kf5 Nb2 66. Kg6 Nxc4 67. Kxg7 Kd5 68. Rg4 Ne3 69. Rg5+ Ke4 70. Kf6 Kd4 71.
Ke6 Ke4 72. Kd6 Nc4+ 73. Kc5 Ne5 74. Kb4 Kd4 75. Rh5 Ke4 76. Kc3 Nf3 77. Ra5 Ne5 78. Ra1 Kd5 1/2-1/2

[Event "Mistrovství Čech mládeže 2023 - HD16"]
[Site "Harrachov, Czech Republic"]
[Date "2023.10.21"]
[Round "1.16"]
[White "Zahradník, Viktor Ferdinand"]
[Black "Stein, Michael"]
[Result "0-1"]
[TimeControl "90m + 30s"]
[WhiteElo "1360"]
[BlackElo "1717"]

1. f4 d5 2. Nf3 Nf6 3. b3 e6 4. Bb2 Bd6 5. e3 Nc6 6. Bb5 Bd7 7. d3 a6 8. Bxc6 Bxc6 9. Ne5 Qe7 10.
Qe2 Nd7 11. Qh5 Bxe5 12. Bxe5 O-O-O 13. Bb2 f6 14. Ba3 Qe8 15. Qg4 g6 16. Nd2 f5 17. Qh4 Qf7 18. Nf3 h6 19. Bb2 Rh7 20.
Ne5 Nxe5 21. Bxe5 g5 22. fxg5 hxg5 23. Qxg5 Rg8 24. Qf4 Rxg2 25. O-O-O Rg4 26. Qf2 Qh5 27. d4 Rh6 28. Rdg1 b6 29.
Rxg4 Qxg4 30. Rg1 Qh5 31. Rg8+ Be8 32. Qf1 Kb7 33. Qg2 Rg6 34. Rxg6 Bxg6 35. c4 f4 36. exf4 Qf5 37. Kb2 c6 38.
cxd5 exd5 39. h4 Qb1+ 40. Ka3 b5 41. Qb2 b4+ 0-1

[Event "Mistrovství Čech mládeže 2023 - HD16"]
[Site "Harrachov, Czech Republic"]
[Date "2023.10.21"]
[Round "1.17"]
[White "Sochor, Antonín"]
[Black "Rubin, Andrej"]
[Result "1-0"]
[TimeControl "90m + 30s"]
[WhiteElo "1702"]
[BlackElo "1358"]

1. d4 Nf6 2. Nf3 d5 3. Bf4 c5 4. e3 Nc6 5. c3 Qb6 6. Qc2 Bf5 7. Qxf5 Qxb2 8. Be2 e6 9. Qd3 c4 10.
Qd2 Qxa1 11. O-O Ne4 12. Qc2 Ba3 13. Nxa3 Qxc3 14. Qc1 a6 15. Ng5 Qxc1 16. Rxc1 Nf6 17. Be5 h6 18. Bxf6 gxf6 19.
Nh3 b5 20. Nc2 e5 21. Rd1 O-O-O 22. f4 e4 23. Nf2 f5 24. g4 Rhg8 25. Kh1 fxg4 26. Nxg4 Rg6 27. f5 Rgd6 28. Ne5 Rf8 29.
Rg1 a5 30. a3 Kc7 31. Rg7 Rf6 32. Ng6 Rb8 33. Bg4 Kd8 34. Nf4 b4 35. axb4 axb4 36. Nxd5 Rd6 37. Rg8+ Kd7 38. f6+ Re6 39.
Rxb8 Nxb8 40. Ndxb4 Kd6 41. Bxe6 Kxe6 42. Na3 Kxf6 43. Nxc4 Ke6 44. d5+ Kd7 45. Ne5+ Ke7 46. Nec6+ Nxc6 47.
dxc6 Kd6 48. Kg2 f5 49. Kg3 1-0

[Event "Mistrovství Čech mládeže 2023 - HD16"]
[Site "Harrachov, Czech Republic"]
[Date "2023.10.21"]
[Round "1.18"]
[White "Šlosar, Jan"]
[Black "Garabik, Marek"]
[Result "1/2-1/2"]
[TimeControl "90m + 30s"]
[WhiteElo "1346"]
[BlackElo "1697"]

1. d4 e6 2. Nf3 d5 3. c4 Nf6 4. Nc3 c5 5. e3 b6 6. Bd3 Nc6 7. a3 Bb7 8. O-O Rc8 9. b3 Bd6 10.
Bb2 O-O 11. Rc1 Qe7 12. Nb5 Bb8 13. Re1 a6 14. Nc3 Rfd8 15. Bb1 Qc7 16. cxd5 exd5 17. Ne2 Qe7 18. Ng3 Na5 19. dxc5 bxc5 20.
Bc3 Bc7 21. b4 Bxg3 22. hxg3 Nc4 23. bxc5 Nxa3 24. Bf5 Ra8 25. c6 Bc8 26. c7 Re8 1/2-1/2

[Event "Mistrovství Čech mládeže 2023 - HD16"]
[Site "Harrachov, Czech Republic"]
[Date "2023.10.21"]
[Round "1.19"]
[White "Langmaier, Michal"]
[Black "Lána, Vincent"]
[Result "1-0"]
[TimeControl "90m + 30s"]
[WhiteElo "1697"]
[BlackElo "1342"]

1. d4 e6 2. Nf3 c5 3. c4 d5 4. Nc3 Nf6 5. cxd5 Nxd5 6. e4 Nxc3 7. bxc3 cxd4 8. cxd4 Bb4+ 9. Bd2 Qa5 10.
Bxb4 Qxb4+ 11. Qd2 Qxd2+ 12. Kxd2 b6 13. Rc1 Ba6 14. Be2 Bxe2 15. Rc8+ 1-0

[Event "Mistrovství Čech mládeže 2023 - HD16"]
[Site "Harrachov, Czech Republic"]
[Date "2023.10.21"]
[Round "1.20"]
[White "Jirman, Jonáš"]
[Black "Tichý, Tomáš"]
[Result "1/2-1/2"]
[TimeControl "90m + 30s"]
[WhiteElo "1328"]
[BlackElo "1697"]

1. e4 c5 2. d4 cxd4 3. c3 d5 4.
exd5 Qxd5 5. cxd4 e6 6. Nf3 Nf6 7. Be2 Nc6 8. a3 Be7 9. O-O O-O 10. Nc3 Qd7 11. Qd3 Rd8 12. Rd1 a6 13.
b4 b5 14. Bb2 Bb7 15. Rac1 Nd5 16. Ne4 Bf6 17. Nc5 Qe7 18. Qb3 Nf4 19. Bf1 Rd5 20. g3 Ng6 21. Bg2 Nd8 22. Ne1 Rd6 23.
Nxb7 Nxb7 24. Rc2 Rad8 25. Qf3 1/2-1/2

[Event "Mistrovství Čech mládeže 2023 - HD16"]
[Site "Harrachov, Czech Republic"]
[Date "2023.10.22"]
[Round "2.1"]
[White "Mrázek, Adam"]
[Black "Davídek, Zdeněk"]
[Result "0-1"]
[TimeControl "90m + 30s"]
[WhiteElo "1669"]
[BlackElo "2110"]

1. Nf3 Nf6 2. g3 d5 3. d4 c5 4. Bg2 h6 5. O-O cxd4 6. Nxd4 e5 7. Nb3 Nc6 8. Nc3 Be6 9. f4 e4 10.
e3 Be7 11. Ne2 O-O 12. Nbd4 Bg4 13. Qe1 Qb6 14. a4 a5 15. Nb3 Nb4 16. Nbd4 Bc5 17. Qd2 Bxe2 18. Nxe2 Ng4 0-1

[Event "Mistrovství Čech mládeže 2023 - HD16"]
[Site "Harrachov, Czech Republic"]
[Date "2023.10.22"]
[Round "2.2"]
[White "Hozda, Max"]
[Black "Sochor, Antonín"]
[Result "1-0"]
[TimeControl "90m + 30s"]
[WhiteElo "2105"]
[BlackElo "1702"]

1. d4 d6 2. Nf3 g6 3. c4 Bg7 4. g3 Nd7 5. Bg2 e5 6. O-O Ne7 7. Nc3 O-O 8. e3 Nb6 9. b3 Bf5 10.
Bb2 Qd7 11. dxe5 dxe5 12. Qxd7 Nxd7 13. Nh4 Be6 14. Bxb7 Rab8 15. Bd5 Nxd5 16. Nxd5 Bxd5 17. cxd5 Nb6 18. e4 Na4 19. Ba3 Nc3 20.
Bxf8 Bxf8 21. Rfe1 Bh6 22. Nf3 f6 23. h4 Kf7 24. Kg2 Rb7 25. h5 Kg7 26. hxg6 hxg6 27. Rh1 Nxe4 28. Rh4 Nd6 29.
Rah1 Nf7 30. Rc4 f5 31. Rc6 a5 32. Re1 Nd8 33. Ra6 e4 34. Ne5 Kh7 35. Rh1 Rb6 36. Rxa5 Kg7 37. Ra7 Nb7 38.
Nc4 Rb5 39. d6 cxd6 40. Nxd6 Rd5 41.
Rxb7+ Kf6 42. Ne8+ Kg5 43. Nc7 Rd2 44. Ne6+ Kf6 45. Rxh6 e3 46. Nf4 Rxf2+ 47. Kg1 Rxa2 48. Rxg6+ Ke5 49.
Re6+ Kd4 50. Rd7+ 1-0

[Event "Mistrovství Čech mládeže 2023 - HD16"]
[Site "Harrachov, Czech Republic"]
[Date "2023.10.22"]
[Round "2.3"]
[White "Janoušková, Adéla"]
[Black "Hrbek, Jáchym"]
[Result "0-1"]
[TimeControl "90m + 30s"]
[WhiteElo "1638"]
[BlackElo "1973"]

1. e4 c6 2. d4 d5 3. e5 c5 4. c3 Nc6 5. Nf3 Bg4 6. Be3 e6 7. Be2 cxd4 8. cxd4 Nge7 9. O-O Nf5 10.
Qd2 Be7 11. h3 Bxf3 12. Bxf3 Qb6 13. Rd1 O-O 14. Nc3 Rac8 15. Rab1 Na5 16. g4 Nc4 17. Qe2 Nfxe3 18. fxe3 Bg5 19.
Rd3 Nxe3 20. Rxe3 Qxd4 21. Kf2 f5 22. exf6 Rxf6 23. Rd1 Bxe3+ 24. Qxe3 Qb4 25. Rd2 Rcf8 26. Kg3 d4 27. Rxd4 Rxf3+ 0-1

[Event "Mistrovství Čech mládeže 2023 - HD16"]
[Site "Harrachov, Czech Republic"]
[Date "2023.10.22"]
[Round "2.4"]
[White "Veverka, Vladimír"]
[Black "Langmaier, Michal"]
[Result "1-0"]
[TimeControl "90m + 30s"]
[WhiteElo "1849"]
[BlackElo "1697"]

1. d4 Nf6 2. c4 c5 3. d5 b5 4. cxb5 a6 5. bxa6 Bxa6 6. Nc3 d6 7. e4 Bxf1 8. Kxf1 g6 9. g3 Bg7 10.
Nf3 O-O 11. Qc2 Nbd7 12. Rb1 Ra6 13. b3 Qa8 14. a4 Rb8 15. Nb5 Ne8 16. Kg2 Rb7 17. Nd2 Nc7 18. Nxc7 Rxc7 19. Nc4 Ne5 20.
f4 Nxc4 21. Qxc4 Rb7 22. Bd2 Rab6 23. Rhf1 Bd4 24. Rf3 Qa6 25. Qxa6 Rxa6 26. a5 c4 27. g4 Ra8 28. Kf1 Rab8 29.
b4 Rc7 30. Bc3 Bxc3 31. Rxc3 Ra7 32. Rxc4 Rxa5 33. Rc8+ Rxc8 34. bxa5 Ra8 35. Ra1 Kf8 36. Ke2 Ke8 37. Kd3 Kd7 38.
Kc4 Kc7 39. Kb5 Rb8+ 40. Kc4 Ra8 41. Ra2 Rc8 42. Rb2 Ra8 43. Rb5 Ra7 44. Kb4 Ra6 45. Ka4 h6 46. h4 h5 47. gxh5 gxh5 48.
Rb3 1-0

[Event "Mistrovství Čech mládeže 2023 - HD16"]
[Site "Harrachov, Czech Republic"]
[Date "2023.10.22"]
[Round "2.5"]
[White "Vyšinský, Otakar"]
[Black "Síleš, Jan"]
[Result "1/2-1/2"]
[TimeControl "90m + 30s"]
[WhiteElo "1599"]
[BlackElo "1839"]

1. d4 Nf6 2. c4 c5 3. d5 b5 4. Qc2 e6 5. e4 bxc4 6. Bxc4 Bb7 7. Nc3 Na6 8. Qb3 Qb6 9. Bf4 Qxb3 10.
Bxb3 Nb4 11. O-O-O c4 12. Bc2 exd5 13. exd5 Nbxd5 14. Nxd5 Bxd5 15. Nf3 Bc5 16. Bg5 Be6 17. Nd4 O-O-O 18. Nf5 h6 19. Bf4 Nd5 20. Bd6 Bxd6 21. Nxd6+ Kb8 22. Nxc4 Rc8 23. Ne3 Nb4 24. a3 Nxc2 25. Nxc2 Bf5 26.
Rd2 Rhe8 27. Kd1 Bxc2+ 28. Rxc2 Rxc2 29. Kxc2 Re2+ 30. Kc3 Rxf2 31. g3 Kc7 32. a4 d5 33. b4 Kd6 34. Kd4 Ra2 35.
a5 a6 36. Kc3 f5 37. Rf1 g6 38. g4 Ra3+ 39. Kb2 Rh3 40. gxf5 gxf5 41. Rxf5 Rxh2+ 42. Kc3 Ke6 43. Rf8 Rh4 44.
Re8+ Kd7 45. Ra8 Rc4+ 46. Kd3 Rc6 47. Kd4 Rc4+ 1/2-1/2

[Event "Mistrovství Čech mládeže 2023 - HD16"]
[Site "Harrachov, Czech Republic"]
[Date "2023.10.22"]
[Round "2.6"]
[White "Andrle, Filip"]
[Black "Vlček, Vojtěch"]
[Result "1-0"]
[TimeControl "90m + 30s"]
[WhiteElo "1830"]
[BlackElo "1661"]

1. e4 c5 2. Nf3 d6 3. d4 cxd4 4. Nxd4 Nf6 5. Nc3 Nc6 6. Bg5 e6 7. Qd2 Be7 8. O-O-O a6 9. f4 Nxd4 10.
Qxd4 b5 11. Be2 Bd7 12. Bf3 Rb8 13. e5 dxe5 14. fxe5 b4 15. exf6 gxf6 16. Ne4 e5 17. Nd6+ Bxd6 18. Qxd6 Rb6 19.
Bxf6 Rxd6 20. Rxd6 Qa5 21. Rhd1 O-O 22. Rxd7 Qxa2 23. Bxe5 Qe6 24. R7d5 h6 25. R1d4 b3 26. Rg4+ Kh7 27.
Rg7+ Kh8 28. Rxf7+ 1-0

[Event "Mistrovství Čech mládeže 2023 - HD16"]
[Site "Harrachov, Czech Republic"]
[Date "2023.10.22"]
[Round "2.7"]
[White "Dvořák, Jan"]
[Black "Dobsa, Emma"]
[Result "1/2-1/2"]
[TimeControl "90m + 30s"]
[WhiteElo "1789"]
[BlackElo "1616"]

1. e4 c6 2. d4 d5 3. Nc3 dxe4 4. Nxe4 Bf5 5. Ng3 Bg6 6. Nf3 Nd7 7. Bd3 Bxd3 8. Qxd3 e6 9. Bf4 Ngf6 10.
O-O Be7 11. c4 O-O 12. Rad1 Qb6 13. Rd2 Rad8 14. a3 a5 15. Qc2 Rfe8 16. Rd3 Nf8 17. Rfd1 Ng6 18. Bd2 c5 19. Qa4 Ra8 20.
d5 exd5 21. cxd5 Qa6 22. Be3 b5 23. Qc2 c4 24. R3d2 Rad8 25. Nf5 Bd6 26. Nxd6 Qxd6 27. Rd4 Ne5 28. Nxe5 Qxe5 29. Qd2 Qc7 30.
d6 Qc6 31. Qxa5 Rd7 32. Qb4 h6 33. a4 Rb8 34. a5 Ra8 35. f3 Rda7 36. Ra1 Nd5 37. Rxd5 Qxd5 38. Bxa7 Rxa7 39. Re1 Rd7 40.
a6 Rxd6 41. a7 Ra6 42. Re8+ Kh7 43. a8=Q Rxa8 44. Rxa8 Qxa8 45. Qxb5 Qc8 46. Qd5 Qc7 47.
Qe4+ g6 48. Qd4 h5 49. Kf2 Kg8 1/2-1/2

[Event "Mistrovství Čech mládeže 2023 - HD16"]
[Site "Harrachov, Czech Republic"]
[Date "2023.10.22"]
[Round "2.8"]
[White "Dudková, Josefína"]
[Black "Kaplanová, Dominika"]
[Result "0-1"]
[TimeControl "90m + 30s"]
[WhiteElo "1587"]
[BlackElo "1782"]

1. d4 Nf6 2. Nf3 d5 3. e3 c5 4. b3 cxd4 5. exd4 Nc6 6. Bd3 Bg4 7. Bb2 Qa5+ 8. Bc3 Qc7 9. Nbd2 e6 10.
a3 Bd6 11. h3 Bh5 12. O-O Rc8 13. Bb2 O-O 14. Qe1 Bf4 15. Ne5 Nxe5 16. dxe5 Nd7 17. g4 Bg6 18. Bxg6 hxg6 19. c4 Bxe5 20.
Bxe5 Qxe5 21. Qxe5 Nxe5 22. cxd5 exd5 23. Rfd1 Rc3 24. Nf1 d4 25. Kg2 Nd3 26. Ng3 Rxb3 27. Rd2 Nf4+ 28. Kh2 d3 29.
Ne4 Re8 30. Re1 Kf8 31. Re3 Rxa3 32. Nd6 Rxe3 33. fxe3 Nd5 34. e4 Nb4 0-1